Map: Heavy Artillery LE

Players

turrican

  • Race: Protoss Protoss
  • Spawn Location: 7:00

ZiTsCh

  • Race: Protoss Protoss
  • League: Gold
  • Spawn Location: 7:00

qqq - Winner!

  • Race: Zerg Zerg
  • Spawn Location: 1:00

Massa - Winner!

  • Race: Terran Terran
  • League: Platinum
  • Spawn Location: 3:00

VOD

Have the link to the VOD?

Description

Time

  • Played on: Oct. 30, 2020, 4:16 p.m.
  • Length: 5:16
Show
View Real Time Build Order
Export as new Build Order

turrican Protoss 

Build Orders:  

Get SALT Encoding   

  12  0:02  Probe  
  13  0:18  Pylon  
  13  0:20  Probe (Chrono Boost)  
  14  0:30  Probe (Chrono Boost)  
  14  0:35  Probe (Chrono Boost)  
  15  0:41  Gateway  
  16  0:46  Probe  
  17  0:59  Forge  
  17  1:04  Probe (Chrono Boost)  
  18  1:14  Probe (Chrono Boost)  
  19  1:21  Assimilator  
  19  1:24  Assimilator  
  19  1:31  Zealot  
  21  1:39  Photon Cannon  
  21  1:49  Photon Cannon  
  21  1:53  Probe  
  22  2:04  Cybernetics Core  
  22  2:05  Probe  
  23  2:21  Photon Cannon  
  23  2:39  Pylon  
  23  2:56  Probe (Chrono Boost)  
  23  2:57  Pylon  
  24  3:01  Pylon  
  24  3:05  Probe  
  25  3:18  Probe  
  26  3:26  Stargate  
  26  3:30  Probe  
  27  3:42  Probe  
  27  3:47  Stargate  
  28  3:52  Shield Battery  
  28  3:58  Photon Cannon  
  28  4:02  Photon Cannon  
  28  4:11  Nexus  
  28  4:19  Void Ray (Chrono Boost)  
  32  4:31  Pylon  
  32  4:32  Void Ray (Chrono Boost)  
Show
View Real Time Build Order
Export as new Build Order

ZiTsCh Protoss 

Build Orders:  

Get SALT Encoding   

  12  0:01  Probe (Chrono Boost)  
  13  0:12  Probe (Chrono Boost)  
  14  0:31  Pylon  
  14  0:33  Probe  
  15  0:42  Assimilator  
  15  0:45  Assimilator  
  15  0:50  Gateway  
  15  0:55  Probe  
  16  1:03  Forge  
  16  1:18  Probe  
  17  1:30  Probe  
  18  1:50  Pylon  
  18  1:51  Probe (Chrono Boost)  
  19  1:55  Photon Cannon  
  19  2:01  Probe (Chrono Boost)  
  20  2:17  Pylon  
  20  2:22  Probe (Chrono Boost)  
  21  2:32  Probe (Chrono Boost)  
  22  2:40  Cybernetics Core  
  22  2:56  Photon Cannon  
  22  3:08  Photon Cannon  
  22  3:10  Probe (Chrono Boost)  
  24  3:20  Probe (Chrono Boost), Stargate  
  24  3:26  Stargate  
  24  3:37  Photon Cannon  
  24  3:47  Shield Battery  
  24  3:58  Void Ray  
  28  4:16  Pylon  
  27  4:22  Stalker  
  29  4:32  Void Ray  
Show
View Real Time Build Order
Export as new Build Order

qqq Zerg - Winner!

Build Orders: Hatch First 

Get SALT Encoding   

  12  0:01  Drone  
  13  0:08  Drone  
  14  0:36  Hatchery  
  14  0:42  Drone  
  14  1:01  Spawning Pool  
  13  1:07  Overlord  
  13  1:10  Drone  
  14  1:28  Drone x2  
  14  1:30  Extractor  
  15  1:36  Drone  
  16  1:55  Drone x2  
  16  1:56  Queen  
  16  1:59  Queen  
  22  2:03  Drone  
  22  2:10  Drone  
  22  2:13  Drone  
  24  2:29  Drone x2, Overlord  
  26  2:33  Metabolic Boost  
  26  2:43  Zergling x2  
  27  2:45  Drone  
  27  2:48  Overlord  
  27  2:50  Drone  
  29  2:51  Zergling x2  
  29  2:56  Drone  
  31  3:03  Zergling x2  
  32  3:06  Zergling x2, Overlord  
  32  3:08  Zergling x2  
  32  3:10  Zergling x2  
  35  3:16  Zergling x2  
  36  3:22  Zergling x4  
  36  3:23  Zergling x2  
  39  3:29  Zergling x2  
  39  3:30  Zergling x2  
  41  3:36  Lair  
  41  3:40  Zergling x2  
  42  3:43  Zergling x2  
  42  3:45  Zergling x4, Overlord  
  42  3:47  Zergling x2  
  46  3:56  Zergling x2  
  46  3:57  Zergling x4  
  49  4:16  Zergling x6  
  52  4:18  Zergling x4  
  54  4:32  Zergling x4  
  54  4:33  Zergling x4  
  54  4:34  Drone x2  
  58  4:58  Zergling x8  
  58  4:59  Drone  
Show
View Real Time Build Order
Export as new Build Order

Massa Terran - Winner!

Build Orders: Gas First Reaper Expand 

Get SALT Encoding   

  12  0:00  SCV  
  13  0:13  SCV  
  14  0:25  SCV, Supply Depot  
  15  0:29  Refinery  
  15  0:47  SCV  
  15  0:49  Barracks  
  16  0:59  SCV  
  17  1:11  SCV  
  17  1:15  Barracks  
  18  1:36  Reaper  
  19  1:51  Command Center  
  19  2:07  Marine  
  20  2:08  Barracks Tech Lab  
  20  2:09  Barracks  
  20  2:21  Supply Depot  
  20  2:30  Orbital Command  
  20  2:33  Marine  
  20  2:36  Marine  
  22  2:44  Stimpack  
  22  2:54  Marine  
  22  2:56  Barracks Reactor  
  22  2:57  Marine  
  24  3:02  SCV  
  24  3:03  SCV  
  28  3:13  Marauder  
  28  3:15  Marine  
  28  3:16  SCV  
  28  3:17  SCV  
  31  3:28  SCV  
  31  3:30  SCV  
  31  3:33  Marine  
  36  3:34  Marauder, Marine  
  36  3:35  Marine  
  36  3:41  SCV  
  39  3:47  SCV  
  40  3:51  Marine  
  40  3:52  Marine  
  40  3:53  SCV  
  40  3:54  Marine  
  46  3:55  Marauder  
  46  4:02  Supply Depot  
  46  4:14  Orbital Command  
  46  4:19  Supply Depot  
  46  4:20  Supply Depot  
  46  4:23  Marine x2, Engineering Bay, SCV  
  49  4:31  Marauder, Marine  
  51  4:35  SCV  
  53  4:41  Marine x2  
Tags
 
Add a new tag
Caveats
  • Supply blocks, unpowered buildings, or Contaminate may cause inaccurate times.
  • Supply counts are checked every 10 seconds.